 Dungeon Crawl Stone Soup version 0.32-a0-699-g1ee5eff (webtiles) character file.

Game seed: 18137287964812250813

16172 Toastz the Carver (level 12, -1/95 HPs)
             Began as a Coglin Gladiator on Mar 13, 2024.
             Was an Initiate of Gozag.
             Slain by a 13-headed hydra (2 damage)
             ... on level 2 of the Lair of Beasts.
             The game lasted 00:25:05 (11081 turns).

Toastz the Carver (Coglin Gladiator)               Turns: 11081, Time: 00:25:06

Health: -1/95      AC: 15    Str: 18    XL:     12   Next: 34%
Magic:  12/12      EV: 16    Int: 10    God:    Gozag
Gold:   280        SH:  0    Dex: 21    Spells: 11/11 levels left

rFire   . . .        P - +2 scimitar (heavy) {Cipactli}
rCold   . . .        H - +4 falchion {Urai}
rNeg    + . .        E - +0 ring mail of Dim Light {rN+ Regen+ Str+3 Int+3}
rPois   .            c - +1 helmet
rElec   .            I - +0 cloak
rCorr   .            y - +1 pair of gloves
SInv    .            b - +1 pair of boots {Fly}
Will    .....        (amulet unavailable)
Stlth   +            (ring unavailable)
HPRegen 1.15/turn    (ring unavailable)
MPRegen 0.13/turn    (no gizmo)

%: no passive effects
@: about to teleport, flying, revving
A: off-hand wielding, slow wielding, warmup strikes, no jewellery
a: Invent Gizmo, Renounce Religion, Potion Petition, Call Merchant, Bribe Branch


You were on level 2 of the Lair of Beasts.
You worshipped Gozag.
Gozag was aware of your devotion.
You visited 3 branches of the dungeon, and saw 13 of its levels.

You collected 2136 gold pieces.
You spent 428 gold pieces at shops.
You paid 1428 gold pieces to Gozag.

Inventory:

Hand Weapons
 H - a +4 falchion (offhand) {Urai}
 P - a +2 heavy scimitar (weapon) {Cipactli}
Missiles
 d - 2 throwing nets
 e - 4 javelins (quivered)
 g - 10 atropa-tipped darts
 O - 4 poisoned darts
Armour
 b - a +1 pair of boots of flying (worn)
 c - a +1 helmet (worn)
 y - a +1 pair of gloves (worn)
 E - the +0 ring mail of Dim Light (worn) {rN+ Regen+ Str+3 Int+3}
   (You found it on level 7 of the Dungeon)

   Str+3:     It affects your strength (+3).
   Int+3:     It affects your intelligence (+3).
   rN+:       It protects you from negative energy.
   Regen+:    It increases your rate of health regeneration.
 G - a scarf of invisibility
 I - a +0 cloak (worn)
Wands
 w - a wand of polymorph (9)
 x - a wand of mindburst (12)
 z - a wand of flame (24)
 A - a wand of paralysis (14)
 K - a wand of roots (5)
Scrolls
 f - 2 scrolls of vulnerability
 j - 3 scrolls of poison
 l - a scroll of enchant weapon {unknown}
 p - 9 scrolls of teleportation
 q - 2 scrolls of silence
 r - a scroll of revelation {unknown}
 s - 2 scrolls of torment {unknown}
 t - 3 scrolls of fear
 B - a scroll of acquirement {unknown}
 D - a scroll of amnesia {unknown}
 F - 2 scrolls of fog {unknown}
 M - 3 scrolls of identify
Potions
 h - a potion of heal wounds {unknown}
 i - 10 potions of curing
 k - 6 potions of brilliance {unknown}
 m - 2 potions of might {unknown}
 o - 2 potions of mutation {unknown}
 u - a potion of cancellation {unknown}
 v - 3 potions of haste {unknown}
 C - 3 potions of enlightenment {unknown}
 J - 3 potions of attraction {unknown}
 L - a potion of resistance {unknown}
 N - 9 potions of ambrosia


   Skills:
 + Level 9.2 Fighting
 - Level 3.0(7.9) Short Blades
 * Level 12.5(12.6) Long Blades
 - Level 1.7 Throwing
 + Level 8.1 Armour
 + Level 8.7 Dodging


You had 11 spell levels left.
You didn't know any spells.
Your spell library contained the following spells:

 Spells                   Type           Power      Damage    Failure   Level
 Freeze                   Ice            0%         1d3       52%         1
 Kiss of Death            Conj/Necr      0%         2d5       52%         1
 Magic Dart               Conj           0%         1d3       52%         1
 Necrotise                Necr           0%         1d4       52%         1
 Sting                    Conj/Alch      0%         1d3       52%         1
 Ensorcelled Hibernation  Hex/Ice        0%         N/A       67%         2
 Mercury Vapours          Alch/Air       0%         N/A       67%         2
 Searing Ray              Conj           0%         2d4       67%         2
 Confusing Touch          Hex            0%         N/A       88%         3
 Dazzling Flash           Conj/Hex       0%         N/A       88%         3
 Frozen Ramparts          Ice            0%         1d1       88%         3
 Hailstorm                Conj/Ice       0%         3d5       88%         3
 Mephitic Cloud           Conj/Alch/Air  0%         N/A       88%         3
 Passwall                 Erth           0%         N/A       88%         3
 Stone Arrow              Conj/Erth      0%         3d7       88%         3
 Swiftness                Air            0%         N/A       88%         3
 Animate Armour           Summ/Erth      0%         N/A       99%         4
 Dispel Undead            Necr           0%         3d6       99%         4
 Fulminant Prism          Conj/Alch      0%         3d5       99%         4
 Olgreb's Toxic Radiance  Alch           0%         N/A       99%         4
 Curse of Agony           Necr           0%         N/A       100%        5
 Silence                  Hex/Air        0%         N/A       100%        5
 Lehudib's Crystal Spear  Conj/Erth      0%         10d2      100%        8


Dungeon Overview and Level Annotations

Branches:
Dungeon (9/15)             Temple (1/1) D:4            Lair (3/5) D:9
  Swamp (0/4) Lair:2        Snake (0/4) Lair:2
    Orc: D:9-12

Altars:
Ashenzari
Cheibriados
Dithmenos
Elyvilon
Fedhas
Gozag
Hepliaklqana
Kikubaaqudgha
Makhleb
Nemelex Xobeh
Okawaru
Qazlal
Ru
Sif Muna
Trog
Uskayaw
Vehumet
Wu Jian
Xom
Yredelemnul
Zin
The Shining One

Shops:
D:2 ?   D:3 !   D:6 :   D:9 [   Lair:2 (

Annotations:
Lair:1 2 transporters
Lair:3 Nergalle


Innate Abilities, Weirdness & Mutations

You can wield a second weapon in your off-hand.
It takes a long time for you to wield or remove held weapons.
Your first few attacks do less damage.
You cannot equip rings or amulets.


Message History

The ten-headed hydra is moderately wounded.
You hack one of the ten-headed hydra's heads off!
The nine-headed hydra grows two more!
You slash the 11-headed hydra with your +4 falchion!
The 11-headed hydra closely misses you. The 11-headed hydra misses you.
The 11-headed hydra bites you. x2; The 11-headed hydra barely misses you.
The 11-headed hydra bites you. The 11-headed hydra closely misses you.
The 11-headed hydra bites you but does no damage. x2
The 11-headed hydra closely misses you. The 11-headed hydra bites you!
You chop one of the 11-headed hydra's heads off!
The ten-headed hydra grows two more!
You slice the 12-headed hydra with your +2 heavy scimitar!!
The 12-headed hydra is severely wounded.
You chop one of the 12-headed hydra's heads off!
The 11-headed hydra grows two more!
You slash the 13-headed hydra with your +4 falchion!
The 13-headed hydra bites you. x2
The 13-headed hydra bites you but does no damage.
The 13-headed hydra bites you. The 13-headed hydra bites you! x2
* * * LOW HITPOINT WARNING * * *
The 13-headed hydra misses you. x2; The 13-headed hydra bites you.
* * * LOW HITPOINT WARNING * * *
The 13-headed hydra bites you but does no damage.
The 13-headed hydra completely misses you.
The 13-headed hydra barely misses you. The 13-headed hydra bites you.
* * * LOW HITPOINT WARNING * * *
Okay, then.
As you read the scroll of teleportation, it crumbles to dust.
You feel strangely unstable.
The 13-headed hydra bites you but does no damage.
The 13-headed hydra bites you.
* * * LOW HITPOINT WARNING * * *
The 13-headed hydra closely misses you. The 13-headed hydra barely misses you.
The 13-headed hydra bites you!
* * * LOW HITPOINT WARNING * * *
The 13-headed hydra bites you.
* * * LOW HITPOINT WARNING * * *
The 13-headed hydra bites you.
You die...
Your body crumbles into a pile of gold.

.########...## #..##....P.### .#
##P#.....#### #..##..#......
P####..#......#.####.##..........
.................##..###....#.##.
.....#........#..###.#....P..###.
#...####.....###.###.###..#.## ##
#...P#####.#####...#.##.....#
......∩.....##.D.#.#.#.#..P.##
.#..............@...........P#
#....##.########P.#...##...####
##.###### ##.######..#.#.## ##.##
#####.## #P......## #)).##
#.##...# #####..... #..#.#
#.....## ###### ##..## #.P..##
#P.### #.#.## ##.[.## #..##


You could see a 13-headed hydra.

Vanquished Creatures
  Gastronok (D:8)
  An ice dragon (Lair:2)
  A boulder beetle (D:9)
  4 elephants (Lair:2)
  A cane toad (Lair:2)
  A rime drake (Lair:2)
  Maggie (Lair:1)
  Jeremiah (D:7)
  2 komodo dragons
  An unseen horror zombie (D:8)
  A troll (D:9)
  A hornet (D:9)
  A queen bee (Lair:2)
  2 polar bears
  8 blink frogs
  A wraith (D:9)
  2 wyverns
  A basilisk (Lair:1)
  Grum (D:8)
  9 yaks (Lair:1)
  2 steam dragons
  5 vampire mosquitoes (Lair:2)
  2 nagas (Lair:2)
  10 water moccasins
  2 sky beasts
  An ogre (D:7)
  4 orc warriors
  5 wolves
  A centaur (D:6)
  A phantom (D:4)
  4 bullfrogs
  2 scorpions (D:7)
  5 wights (D:8)
  25 killer bees (Lair:2)
  2 bombardier beetles
  3 howler monkeys
  3 jellies
  4 hounds
  3 orc priests
  4 iguanas
  6 orc wizards
  A killer bee zombie (D:8)
  Robin (D:2)
  3 gnolls (D:5)
  9 adders
  4 shadow imps
  A ribbon worm (D:2)
  A dart slug (D:3)
  26 orcs
  6 ball pythons
  10 bats
  8 endoplasms
  2 giant cockroaches
  14 goblins
  8 hobgoblins
  8 jackals
  7 kobolds
  A quokka (D:3)
  3 frilled lizards
  8 rats
256 creatures vanquished.

Notes
Turn   | Place    | Note
-------+----------+-------------------------------------------
     0 | D:1      | Toastz the Coglin Gladiator began the quest for the Orb.
     0 | D:1      | Reached XP level 1. HP: 16/16 MP: 1/1
   170 | D:1      | Reached XP level 2. HP: 22/22 MP: 2/2
   336 | D:1      | Found a faded altar of an unknown god.
   751 | D:2      | Noticed Robin
   763 | D:2      | Reached XP level 3. HP: 24/28 MP: 3/3
   772 | D:2      | Reached skill level 1 in Short Blades
   786 | D:2      | Killed Robin
   924 | D:2      | Reached skill level 1 in Armour
  1016 | D:2      | Identified the +2 short sword of the Cup {freeze, Int+3
                  | SInv Stlth-}
  1037 | D:2      | Reached XP level 4. HP: 34/34 MP: 4/4
  1205 | D:2      | Found Duthuos's Magic Scroll Shoppe.
  1845 | D:3      | Reached XP level 5. HP: 38/40 MP: 5/5
  1997 | D:3      | Found Qaet's Distillery.
  2179 | D:3      | Found an opulent altar of Gozag.
  2380 | D:3      | Became a worshipper of Gozag Ym Sagoz the Greedy
  2554 | D:4      | Noticed a phantom
  2561 | D:4      | Killed a phantom
  2562 | D:4      | Reached XP level 6. HP: 39/47 MP: 6/6
  2916 | D:4      | Found an iron altar of Okawaru.
  3281 | D:4      | Reached XP level 7. HP: 53/53 MP: 7/7
  3338 | D:4      | Reached skill level 4 in Long Blades
  3442 | D:4      | Found a staircase to the Ecumenical Temple.
  3654 | Temple   | Entered the Ecumenical Temple
  3747 | D:5      | Entered Level 5 of the Dungeon
  4607 | D:6      | Found a glowing silver altar of Zin.
  4752 | D:6      | Reached skill level 5 in Long Blades
  4881 | D:6      | Reached XP level 8. HP: 46/61 MP: 8/8
  4968 | D:6      | Found Ecisar Oprui's Self-Published Books.
  5729 | D:7      | Identified the +0 ring mail of Dim Light {rN+ Regen+ Str+3
                  | Int+3}
  5827 | D:7      | Found an ancient bone altar of Kikubaaqudgha.
  5827 | D:7      | Found a shimmering blue altar of Sif Muna.
  5828 | D:7      | Found a radiant altar of Vehumet.
  5831 | D:7      | Got Kikubaaqudgha's Book of the Charnel House
  5912 | D:7      | Found a broken altar of Ashenzari.
  5949 | D:7      | Reached skill level 6 in Long Blades
  5976 | D:7      | Reached skill level 5 in Fighting
  5976 | D:7      | Reached skill level 5 in Dodging
  6019 | D:7      | Noticed Jeremiah
  6053 | D:7      | Killed Jeremiah
  6055 | D:7      | Reached XP level 9. HP: 52/68 MP: 9/9
  6249 | D:7      | Reached skill level 7 in Long Blades
  6855 | D:8      | Identified the +2 robe of the Immovable Ghosts {rElec rN+++
                  | Will- Regen+}
  6866 | D:8      | Noticed Grum
  6879 | D:8      | Killed Grum
  6998 | D:8      | Reached skill level 8 in Long Blades
  6998 | D:8      | Reached skill level 5 in Armour
  7102 | D:8      | Noticed Gastronok
  7130 | D:8      | Killed Gastronok
  7131 | D:8      | Reached skill level 9 in Long Blades
  7131 | D:8      | Reached XP level 10. HP: 77/77 MP: 10/10
  7143 | D:8      | Found a basalt altar of Yredelemnul.
  7478 | D:9      | Paralysed by a hornet for 1 turns
  7483 | D:9      | Paralysed by a hornet for 1 turns
  7565 | D:9      | Found Jeblason's Armour Shoppe.
  7570 | D:9      | Bought a +1 pair of boots of flying for 198 gold pieces
  8109 | D:9      | Noticed a boulder beetle
  8175 | D:9      | Killed a boulder beetle
  8176 | D:9      | Reached skill level 10 in Long Blades
  8305 | D:9      | Found a staircase to the Lair.
  8497 | Lair:1   | Entered Level 1 of the Lair of Beasts
  8539 | Lair:1   | Reached XP level 11. HP: 44/84 MP: 11/11
  8960 | Lair:1   | Noticed Maggie
  8976 | Lair:1   | Killed Maggie
  9021 | Lair:1   | Found a transporter.
  9083 | Lair:1   | Found a transporter.
  9227 | Lair:1   | Reached skill level 11 in Long Blades
  9317 | Lair:1   | Identified the amulet "Wybliun" {Reflect rF++ Str+3 Int+3
                  | SH+5}
 10116 | Lair:2   | Reached XP level 12. HP: 85/94 MP: 12/12
 10194 | Lair:2   | Reached skill level 12 in Long Blades
 10220 | Lair:2   | Found a staircase to the Snake Pit.
 10221 | Lair:2   | Noticed a five-headed hydra
 10602 | Lair:2   | a five-headed hydra changed into an ice dragon
 10602 | Lair:2   | Noticed an ice dragon
 10613 | Lair:2   | Killed an ice dragon
 10710 | Lair:2   | Found a staircase to the Swamp.
 11041 | Lair:2   | Bought a +2 heavy scimitar for 230 gold pieces
 11069 | Lair:3   | Noticed a six-headed hydra
 11073 | Lair:3   | Noticed Nergalle
 11081 | Lair:2   | HP: 1/95 [13-headed hydra (4)]
 11081 | Lair:2   | Slain by a 13-headed hydra

Illustrated notes

Levels and vault maps discovered:
D:1:      elethiomel_arrival_infinity_welcomes_careful_drivers, layout_rooms,
          hellmonk_ecumenical_altar_leap_of_faith, chequers_mini_garden
D:2:      layout_basic, serial_shops, nicolae_shop_rolled_up, uniq_robin
D:3:      layout_rooms, mainiacjoe_overflow_24_doors, serial_shops, shop,
          dreamdust_princess_corridor, hangedman_decor_growths,
          kennysheep_generic_room_11
D:4:      layout_basic, mainiacjoe_overflow_paths, temple_hall
D:5:      layout_loops_ring, kennysheep_generic_room_10
D:6:      layout_cave_pods, zin_treasury, nicolae_custom_books,
          hangedman_abyss_or_decor_jellyfish_corner, minmay_misc_feat_cross
D:7:      old_forge, layout_loops_cross, grunt_temple_overflow_magic_moments,
          cheibrodos_ashenzari_chains, uniq_jeremiah
D:8:      layout_loops_corners, lemuel_zombie_altar_yredelemnul,
          nicolae_concentric_dashed_squares_mild, uniq_grum, uniq_gastronok
D:9:      layout_roguey, serial_shops, shop
Temple:   nicolae_temple_bog_church
Lair:1:   gammafunk_worm_tunnel, layout_cave_pods,
          eino_small_chamber_without_monster, infiniplex_staircase_pool,
          uniq_maggie
Lair:2:   layout_loops_ring, minmay_swamp_entry_swarm,
          guppyfry_snake_entry_island, special_room [special_room_bee]
Lair:3:   layout_small_grid, chequers_serial_rivers_marsh, uniq_nergalle

Skill      XL: |  1  2  3  4  5  6  7  8  9 10 11 12 |
---------------+-------------------------------------+-----
Short Blades   | 1 2 3 |  3.0
Dodging        | 3 4 5 6 7 8 |  8.7
Armour         | 1 2 3 4 5 6 7 8 |  8.1
Fighting       | 3 4 5 6 7 8 9 |  9.2
Long Blades    | 5 6 9 10 11 12 | 12.5
Throwing       | |  1.7

Action                     |  1- 3 |  4- 6 |  7- 9 | 10-12 || total
---------------------------+-------+-------+-------+-------++-------
  Melee: Long sword        |    65 |    75 |   217 |   412 ||   769
         Dagger            |    53 |    59 |   166 |       ||   278
         Short sword       |     2 |    18 |       |       ||    20
         Falchion          |       |       |    53 |   423 ||   476
         Scimitar          |       |       |       |     4 ||     4
  Throw: Javelin           |     1 |       |     6 |     5 ||    12
         Throwing net      |       |       |     1 |     2 ||     3
 Invoke: Potion Petition   |       |       |     1 |     1 ||     2
         Call Merchant     |       |       |       |     1 ||     1
  Evoke: Wand              |       |       |     3 |     9 ||    12
    Use: Scroll            |       |     4 |     3 |     4 ||    11
   Stab: Paralysed         |       |       |     8 |    12 ||    20
         Held in net/web   |       |       |    10 |       ||    10
         Distracted        |       |       |     1 |     4 ||     5
 Armour: Leather armour    |    45 |     8 |       |       ||    53
         Scale mail        |       |    39 |    57 |       ||    96
         Ring mail         |       |       |    72 |   431 ||   503
  Dodge: Dodged            |    47 |    36 |   104 |   396 ||   583

Table legend: (Time is in decaauts)
 A = Elapsed time spent in this place.
 B = Non-inter-level travel time spent in this place.
 C = Inter-level travel time spent in this place.
 D = Time resting spent in this place.
 E = Time spent auto-exploring this place.
 F = Levels seen in this place.
 G = Mean time per level.
                   A        B        C        D        E       F      G
               +--------+--------+--------+--------+--------+-----+--------+
         Total |  10959 |  10259 |    700 |    753 |   7645 |  13 |  843.0 |
       Dungeon |   8450 |   7838 |    612 |    406 |   6177 |   9 |  938.9 |
        Temple |      4 |      4 |      0 |      0 |      0 |   1 |    4.0 |
          Lair |   2505 |   2418 |     87 |    347 |   1468 |   3 |  835.0 |
               +--------+--------+--------+--------+--------+-----+--------+

Top non-repeatable levels by time:
  Lair:2: 1350 daAuts
     D:4: 1341 daAuts
     D:8: 1200 daAuts
  Lair:1: 1143 daAuts
     D:7: 999 daAuts
     D:2: 967 daAuts
     D:9: 875 daAuts
     D:6: 860 daAuts
     D:5: 776 daAuts
     D:1: 744 daAuts
     D:3: 685 daAuts
  Lair:3: 11 daAuts
  Temple: 4 daAuts
